 Dungeon Crawl Stone Soup version 0.29-a0-830-gcb1280458a (webtiles) character file.

Game seed: 12826512688940636460

1397 LynnLen the Covert (level 8, 0/43 (48) HPs)
             Began as a Vampire Enchanter on July 11, 2022.
             Slain by an ice beast (3 damage)
             ... on level 5 of the Dungeon.
             The game lasted 00:17:20 (5929 turns).

LynnLen the Covert (Vampire Enchanter)              Turns: 5929, Time: 00:17:21

HP:   0/43 (48)     AC:  7    Str:  7    XL:     8   Next: 41%
MP:   11/11         EV: 13    Int: 17    God:
Gold: 361           SH:  0    Dex: 17    Spells: 0/11 levels left

rFire   . . .      SeeInvis +   z - +2 short sword (elec)
rCold   + + .      Faith    .   (no shield)
rNeg    + + +      Spirit   .   l - +2 leather armour
rPois   ∞          Reflect  .   s - +0 helmet
rElec   .          Harm     .   c - scarf {+Inv}
rCorr   .          Rampage  .   (no gloves)
Will    .....                   t - +0 pair of boots
Stlth   ++++++....              (no amulet)
HPRegen 0.00/turn               j - ring of flight
MPRegen 0.12/turn               (no ring)

@: about to teleport, flying, bloodless, inhibited regen, heavily drained
A: bloodless, fangs 3, see invisible, vampiric 2
a: Bat Form, Revivify, Evoke Invisibility


You were on level 5 of the Dungeon.
You visited 2 branches of the dungeon, and saw 7 of its levels.

You collected 361 gold pieces.

Inventory:

Hand Weapons
 z - a +2 short sword of electrocution (weapon)
Missiles
 f - 2 javelins
 g - 5 poisoned darts
 y - 6 silver javelins
Armour
 b - a +0 robe
 c - a scarf of invisibility (worn)
 l - a +2 leather armour (worn)
 m - a +0 cloak
 r - a scarf of repulsion
 s - a +0 helmet (worn)
 t - a +0 pair of boots (worn)
Jewellery
 j - a ring of flight (left hand)
Wands
 e - a wand of charming (6)
 C - a wand of mindburst (13)
Scrolls
 d - a scroll of poison
 h - a scroll of vulnerability
 q - a scroll of magic mapping {unknown}
 w - 2 scrolls of torment {unknown}
Potions
 i - 2 potions of brilliance
 k - 2 potions of mutation
 n - 4 potions of flight
 p - a potion of attraction
 v - a potion of magic
 x - a potion of haste


   Skills:
 * Level 4.2 Fighting
 * Level 6.7 Short Blades
 + Level 4.2 Dodging
 + Level 10.1 Stealth
 - Level 2.0 Spellcasting
 - Level 4.4 Hexes


You couldn't memorise any spells.
You knew the following spells:

 Your Spells              Type           Power      Damage    Failure   Level
a - Confusing Touch       Hex            16%        N/A       14%         3
b - Tukima's Dance        Hex            16%        N/A       14%         3
c - Ensorcelled Hibernat  Hex/Ice        18%        N/A       19%         2
d - Vampiric Draining     Necr           1%         2d6       65%         3

Your spell library contained the following spells:

 Spells                   Type           Power      Damage    Failure   Level
 Apportation              Tloc           2%         N/A       28%         1
 Necrotise                Necr           4%         1d4       28%         1
 Sandblast                Erth           2%         2d4       28%         1
 Summon Small Mammal      Summ           4%         N/A       28%         1
 Dazzling Flash           Conj/Hex       18%        N/A       34%         3
 Passwall                 Tmut/Erth      0%         N/A       41%         2
 Stone Arrow              Conj/Erth      2%         3d7       65%         3
 Agony                    Necr           1%         N/A       100%        5
 Alistair's Intoxication  Tmut/Pois      0%         N/A       100%        5
 Malign Gateway           Summ/Tloc      0%         N/A       100%        7
 Summon Horrible Things   Summ           0%         N/A       100%        8


Dungeon Overview and Level Annotations

Branches:
Dungeon (6/15)             Temple (1/1) D:4

Altars:
Fedhas
Gozag
Kikubaaqudgha
Okawaru
Qazlal
Sif Muna
Trog
Uskayaw
Vehumet
Wu Jian
Yredelemnul

Shops:
D:3 :   D:4 (


Innate Abilities, Weirdness & Mutations

You do not regenerate when monsters are visible.
You are frail without blood (-20% HP).
You can heal yourself when you bite living creatures.
You are immune to poison.
You have razor-sharp teeth.
You have supernaturally acute eyesight. (SInv)
You are afflicted with vampirism and can become a bat while bloodless.


Message History

The water moccasin barely misses you.
The ice beast hits you but does no damage.
You miss the water moccasin.
The water moccasin is lightly wounded.
The water moccasin bites you but does no damage.
The ice beast hits you but does no damage.
You miss the water moccasin.
The water moccasin is lightly wounded.
The water moccasin closely misses you.
The ice beast hits you but does no damage.
You hit the water moccasin.
The water moccasin is moderately wounded.
The water moccasin bites you!
You hit the water moccasin but do no damage.
Lightning courses through the water moccasin!
You punch the water moccasin, but do no damage.
The water moccasin is heavily wounded.
The water moccasin bites you!
The ice beast hits you but does no damage.
You closely miss the water moccasin. Your bite misses the water moccasin.
The water moccasin is heavily wounded.
The water moccasin closely misses you.
The ice beast hits you but does no damage.
The water moccasin bites you!
* * * LOW HITPOINT WARNING * * *
You feel better. The water moccasin barely misses you. The ice beast hits you.
* * * LOW HITPOINT WARNING * * *
The ice beast freezes you. You resist.
* * * LOW HITPOINT WARNING * * *
Okay, then.
As you read the scroll of teleportation, it crumbles to dust.
You feel strangely unstable.
The water moccasin completely misses you.
The ice beast hits you but does no damage.
The ice beast hits you but does no damage.
The water moccasin misses you. The water moccasin bites you.
* * * LOW HITPOINT WARNING * * *
The ice beast hits you.
You die...

#.#.# #.## #.#
#.#....#..
#.#†########..# #.#
#.####.###
#.#.).........###.#
#.# #.#
#.##########...##.#
#.####.#
#.........##....<.#
#......#
#########(####..#.#
######## ### #.#
##.#.# #.#######.#
#...# #.........#
##@Y### #>#########
#.S..# #.#######
####.# #.......#
#######.# #######.#
#.......# #.#
#.####### #.# #.#
#.#####.#
#####.#.....#


You could see a water moccasin and an ice beast.

Vanquished Creatures
  Grinder (D:4)
  Prince Ribbit (D:5)
  Sigmund (D:2)
  Edmund (D:4)
  Duvessa (D:4)
  An ogre (D:5)
  2 scorpions (D:4)
  Dowan (D:4)
  2 orc priests (D:5)
  Jessica (D:2)
  Terence (D:2)
  Natasha (thrice) (D:4)
  7 gnolls
  6 adders
  2 dart slugs
  7 orcs
  6 endoplasms
  A giant cockroach (D:4)
  6 goblins
  6 hobgoblins
  A kobold (D:3)
  5 quokkas
  4 ball pythons
  4 bats
  4 frilled lizards
  6 rats
81 creatures vanquished.

Notes
Turn   | Place    | Note
-------+----------+-------------------------------------------
     0 | D:1      | LynnLen the Vampire Enchanter began the quest for the Orb.
     0 | D:1      | Reached XP level 1. HP: 13/13 MP: 3/3
   493 | D:1      | Reached XP level 2. HP: 15/16 MP: 5/5
   685 | D:1      | Found a faded altar of an unknown god.
  1080 | D:2      | Reached skill level 5 in Stealth
  1250 | D:2      | Noticed Sigmund
  1257 | D:2      | Noticed Terence
  1267 | D:2      | Reached skill level 1 in Fighting
  1277 | D:2      | Killed Sigmund
  1278 | D:2      | Reached skill level 7 in Stealth
  1278 | D:2      | Gained mutation: You are afflicted with vampirism and can
                  | become a bat while bloodless. [Vampire growth]
  1278 | D:2      | Reached XP level 3. HP: 19/21 MP: 6/6
  1278 | D:2      | Reached XP level 4. HP: 24/26 MP: 7/7
  1278 | D:2      | Reached XP level 5. HP: 28/30 MP: 8/8
  1284 | D:2      | Killed Terence
  1343 | D:2      | Noticed Jessica
  1357 | D:2      | Found a blossoming altar of Fedhas.
  1382 | D:2      | Killed Jessica
  2085 | D:2      | Reached XP level 6. HP: 18/35 MP: 9/9
  2444 | D:3      | Found Fieps's Book Shop.
  3189 | D:4      | Found Herekh's Weapon Emporium.
  3214 | D:4      | Noticed Duvessa
  3214 | D:4      | Noticed Dowan
  3220 | D:4      | Killed Duvessa
  3221 | D:4      | Reached skill level 8 in Stealth
  3236 | D:4      | Killed Dowan
  3268 | D:4      | Noticed Grinder
  3311 | D:4      | Killed Grinder
  3312 | D:4      | Reached skill level 5 in Short Blades
  3312 | D:4      | Reached XP level 7. HP: 21/41 MP: 10/10
  3491 | D:4      | Found a staircase to the Ecumenical Temple.
  3491 | D:4      | Noticed Natasha
  3501 | D:4      | Killed Natasha
  3511 | Temple   | Entered the Ecumenical Temple
  3783 | D:4      | Found a basalt altar of Yredelemnul.
  3783 | D:4      | Noticed Natasha
  3800 | D:4      | HP: 2/41 [Natasha (8)]
  3803 | D:4      | Killed Natasha
  3837 | D:4      | Noticed Natasha
  4245 | D:4      | Found an iron altar of Okawaru.
  4551 | D:4      | Noticed Edmund
  4555 | D:4      | Killed Edmund
  4556 | D:4      | Reached skill level 9 in Stealth
  4708 | D:4      | Killed Natasha
  4982 | D:5      | Entered Level 5 of the Dungeon
  4993 | D:5      | Reached XP level 8. HP: 44/45 MP: 8/11
  4994 | D:5      | Noticed Prince Ribbit
  5008 | D:5      | Killed Prince Ribbit
  5092 | D:5      | Learned a level 3 spell: Confusing Touch
  5096 | D:5      | Learned a level 3 spell: Tukima's Dance
  5099 | D:5      | Learned a level 2 spell: Ensorcelled Hibernation
  5103 | D:5      | Learned a level 3 spell: Vampiric Draining
  5110 | D:5      | Reached skill level 10 in Stealth
  5719 | D:5      | Found a hide-covered altar of Uskayaw.
  5929 | D:5      | Slain by an ice beast

Illustrated notes

Levels and vault maps discovered:
D:1:      dpeg_arrival_leaves_temple_mockup, layout_basic,
          hellmonk_ecumenical_altar_run_dry, dreamdust_princess_bridge
D:2:      layout_loops_ring, basic_altar, dreamdust_princess_corridor,
          kennysheep_generic_room_3, uniq_terence, uniq_sigmund, uniq_jessica
D:3:      layout_basic, serial_shops, shop_fountains, chequers_arboretum,
          chequers_serial_rivers_room_a
D:4:      layout_loops_ring, amcnicky_altar_gilded, kennysheep_okawaru_gauntlet,
          minmay_temple_entry_tees, serial_shops, nicolae_shop_waterfront,
          eino_tiny_chamber, uniq_grinder, uniq_edmund, uniq_duvessa,
          uniq_natasha
D:5:      layout_basic, lemuel_coloured_pillars_altar, uniq_prince_ribbit1
D:6:      layout_layer_cave, grunt_temple_overflow_champion_of_chaos,
          ashenzari_altar_1
Temple:   hellmonk_temple_rainy

Skill      XL: |  1  2  3  4  5  6  7  8 |
---------------+-------------------------+-----
Stealth        | 7 8 9 10 | 10.1
Fighting       | 2 3 4 |  4.2
Short Blades   | 2 3 5 6 |  6.7
Dodging        | 3 4 |  4.2
Spellcasting   | |  2.0
Hexes          | |  4.4

Action                   |  1- 3 |  4- 6 |  7- 9 || total
-------------------------+-------+-------+-------++-------
Melee: Dagger            |    38 |   107 |       ||   145
       Bite              |     6 |    15 |     5 ||    26
       Punch             |       |     3 |     1 ||     4
       Short sword       |       |    32 |   105 ||   137
 Cast: Tukima's Dance    |       |       |     1 ||     1
 Abil: Exsanguinate      |     1 |       |       ||     1
       End Transformatio |       |     1 |       ||     1
       Bat Form          |       |     1 |       ||     1
       Evoke Invisibilit |       |       |     2 ||     2
  Use: Scroll            |     3 |     5 |     9 ||    17
       Potion            |     2 |     7 |     1 ||    10
 Stab: Sleeping          |     6 |    10 |    13 ||    29
       Invisible         |     2 |     6 |     3 ||    11
       Distracted        |       |     1 |       ||     1
Armor: Robe              |     8 |       |       ||     8
       Leather armour    |     3 |    18 |    24 ||    45
Dodge: Dodged            |    16 |    55 |    58 ||   129

Table legend: (Time is in decaauts)
 A = Elapsed time spent in this place.
 B = Non-inter-level travel time spent in this place.
 C = Inter-level travel time spent in this place.
 D = Time resting spent in this place.
 E = Time spent auto-exploring this place.
 F = Levels seen in this place.
 G = Mean time per level.
                   A        B        C        D        E       F      G
               +--------+--------+--------+--------+--------+-----+--------+
         Total |   5869 |   5850 |     19 |   1033 |   2836 |   7 |  838.4 |
       Dungeon |   5774 |   5755 |     19 |   1033 |   2762 |   6 |  962.3 |
        Temple |     94 |     94 |      0 |      0 |     74 |   1 |   94.0 |
               +--------+--------+--------+--------+--------+-----+--------+

Top non-repeatable levels by time:
     D:4: 1446 daAuts
     D:1: 1217 daAuts
     D:3: 1159 daAuts
     D:2: 1012 daAuts
     D:5: 926 daAuts
  Temple: 94 daAuts
     D:6: 12 daAuts
